Workbook

Sheet Feuil1
A1: Moughataa | B1: Centre/poste de santé de | C1: Agent de sante présent lors de la visite | D1: Date | E1: Nom et Prenom de la personne effectuant la visite: | F1: Outils - Matériels - Équipement-traitement | V1: Structure et organisation de l'espace | X1: Personnel | AF1: Dépistage passif | AH1: Accueil et flux des patients | AP1: Admissions | BD1: Test d'appétit | BP1: Prise en charge-Suivi | CN1: Séance d'éducation: ANJE, PFE | CT1: Décharges | DB1: Rapports mensuels | DH1: Stock/pharmacie | DR1: Wash in Nut
F2: Matériel anthropométrique présent et en bon état (PB, toise, balance) | H2: Registre PCIMA présent et bien tenu | J2: Fiches de suivi individuel disponibles et utilisées | L2: Fiches de transfert disponibles et utilisées | N2: Table P/T disponibles et utilisées | P2: Fiches de depistage systematique disponibles et utilisées | R2: Fiches de stock hebdomadaire disponibles et utilisées | T2: Protocole/Cahier de resume CRENAS disponibles et utilisées | V2: Espace suffisant: 1 espace abrité pour prise des mesures anthropométriques et enregistrement, 1 espace pour le test d'appétit, 1 salle pour la consultation, 1 salle pour le stock/pharmacie | X2: Personnel présent en nombre pour mener les activités PCIMA | Z2: Personnel formé sur protocole révisé de la PCIMA | AB2: Des réunions d'équipes sont tenues après PEC | AD2: Répartition correcte des tâches entre le personnel | AF2: Dépistage passif réalisé systématiquement au niveau de la consultation externe et des urgences (vérification dans le registre des consultations et la fiche de depistage systematique) | AH2: Accueil des patients organisé (espace d'attente couvert avec nattes ou bancs) | AJ2: Triage des patients réalisé (selon signes de danger) | AL2: Eau sucrée disponible dans la structure afin de prévenir/corriger une éventuelle hypoglycémie. | AN2: Flux des patients organisé et clair (de consultation externe, etc.) | AP2: Mesures anthropométriques (PB, poids, taille) correctement prises, et œdèmes correctement évalués (vérification de patients au hasard) | AR2: Calcul du P/T correctement réalisé (vérification de fiches/patients au hasard) | AT2: Critères d'admission connus, appliqués et notés sur la fiche (vérification de fiches/patients au hasard) | AV2: Admissions des MA référés suite aux dépistages actifs documentées | AX2: Fiches de suivi individuel correctement remplies avec toutes les données d'admission (vérification de fiches/patients au hasard) | AZ2: Registre PCIMA correctement rempli et correcte affectation numéros MAS (vérification au hasard) | BB2: Explications correctes et suffisantes données à la mère lors de l'admission | BD2: Lavage des mains de l'enfant et accompagnant avant manipulation ATPE | BF2: Eau disponible et fournie aux patients | BH2: Endroit approprié (calme, suffisamment d'espace, propre) | BJ2: Explications à l'accompagnant correctes et suffisantes | BL2: Quantités correctes appliquées pour la réussite du test de l'appétit | BN2: Surveillance de la prise réalisée et résultat noté sur la fiche | BP2: Examen médical de suivi (Histoire de la maladie, prise des constantes, reconnaissance des complications) | BR2: Détection prompte des complications et application correcte des critères de référence vers le CRENI | BT2: Protocole médical systématique appliqué et noté sur la fiche (produit, dosage et durée corrects) (vérification de fiches/patients au hasard) | BV2: Protocole nutritionnel (nb sachets ATPE selon le poids) respecté et noté sur la fiche | BX2: Absences notées sur les fiches | BZ2: Non-réponse au traitement diagnostiqué | CB2: Mouvement en interne noté sur la fiche | CD2: Fréquence de la distribution d'ATPE | CF2: Vaccin contre la rougeole administree aux enfants non à jour de leur vaccination | CH2: Besoins de VAD identifies (recherche des absents/abandons/non reponses au traitement) et notes | CJ2: Fiche de suivi classées par ordre de n°MAS | CL2: Explications données à la mère sur statut nutritionnel et médical de son enfant | CN2: Séance d'éducation à la santé et nutrition réalisée | CP2: Supports utilisés adaptés aux messages ANJE, PFE du Pays | CR2: Thèmes bien maitrisés et messages sont simples et transmis en langue locale | CT2: Critères de décharge connus et appliqués | CV2: Procédures de sortie et suivi après guérison expliqué à la mère | CX2: Fiche de transfert remise à l'accompagnant des enfants transférés | CZ2: Type de sortie notée sur la fiche et le registre | DB2: Rapports mensuels correctement remplis (complets et fiables) | DD2: Calcul des indicateurs de performances et d'efficacite maitrisé | DF2: Rapports mensuels envoyés à temps (au plus tard le 5 du mois suivant) | DH2: Conditions du stock/pharmacie adéquates (propreté, rangement sur étagère, étiquetage, utilisation de palettes, absence rongeurs, etc.) | DJ2: Fiches de stock (ATPE, médicaments traitement systématique et spécifique) présentes et correctement remplies | DL2: Quantité suffisante d'intrants thérapeutiques ( ATPE) et de médicaments traitement systématique et spécifique en stock (1 mois de fonctionnement + 2 semaines stock tampon) | DN2: Absence de rupture de stock | DP2: Inventaire physique réalisé chaque mois | DR2: Point d'eau potable disponible et fonctionnel | DT2: Existence de dispositif de lavage des mains dans la structure de santé | DV2: Kits couple mère-enfant disponibles et distribués aux bénéficiaires | DX2: Utilsation des kits correctement expliquée aux accompagnants | DZ2: Latrines disponibles, fonctionnelles et bien entretenues | EB2: Système d'élimination des déchets présents et fonctionnels | ED2: Des sensibilisation sur la promotion à l'hygiène sont données aux bénéficiaires
F3: MIBE | G3: SCORE | H3: MIBE | I3: SCORE | J3: MIBE | K3: SCORE | L3: MIBE | M3: SCORE | N3: MIBE | O3: SCORE | P3: MIBE | Q3: SCORE | R3: MIBE | S3: SCORE | T3: MIBE | U3: SCORE | V3: MIBE | W3: SCORE | X3: MIBE | Y3: SCORE | Z3: MIBE | AA3: SCORE | AB3: MIBE | AC3: SCORE | AD3: MIBE | AE3: SCORE | AF3: MIBE | AG3: SCORE | AH3: MIBE | AI3: SCORE | AJ3: MIBE | AK3: SCORE | AL3: MIBE | AM3: SCORE | AN3: MIBE | AO3: SCORE | AP3: MIBE | AQ3: SCORE | AR3: MIBE | AS3: SCORE | AT3: MIBE | AU3: SCORE | AV3: MIBE | AW3: SCORE | AX3: MIBE | AY3: SCORE | AZ3: MIBE | BA3: SCORE | BB3: MIBE | BC3: SCORE | BD3: MIBE | BE3: SCORE | BF3: MIBE | BG3: SCORE | BH3: MIBE | BI3: SCORE | BJ3: MIBE | BK3: SCORE | BL3: MIBE | BM3: SCORE | BN3: MIBE | BO3: SCORE | BP3: MIBE | BQ3: SCORE | BR3: MIBE | BS3: SCORE | BT3: MIBE | BU3: SCORE | BV3: MIBE | BW3: SCORE | BX3: MIBE | BY3: SCORE | BZ3: MIBE | CA3: SCORE | CB3: MIBE | CC3: SCORE | CD3: MIBE | CE3: SCORE | CF3: MIBE | CG3: SCORE | CH3: MIBE | CI3: SCORE | CJ3: MIBE | CK3: SCORE | CL3: MIBE | CM3: SCORE | CN3: MIBE | CO3: SCORE | CP3: MIBE | CQ3: SCORE | CR3: MIBE | CS3: SCORE | CT3: MIBE | CU3: SCORE | CV3: MIBE | CW3: SCORE | CX3: MIBE | CY3: SCORE | CZ3: MIBE | DA3: SCORE | DB3: MIBE | DC3: SCORE | DD3: MIBE | DE3: SCORE | DF3: MIBE | DG3: SCORE | DH3: MIBE | DI3: SCORE | DJ3: MIBE | DK3: SCORE | DL3: MIBE | DM3: SCORE | DN3: MIBE | DO3: SCORE | DP3: MIBE | DQ3: SCORE | DR3: MIBE | DS3: SCORE | DT3: MIBE | DU3: SCORE | DV3: MIBE | DW3: SCORE | DX3: MIBE | DY3: SCORE | DZ3: MIBE | EA3: SCORE | EB3: MIBE | EC3: SCORE | ED3: MIBE | EE3: SCORE
A4: ALEG | B4: CS Aleg | C4: Sidi Med Mouhamdy | D4: 43272 | E4: Mohamed Youga | F4: B | G4: =IF(F4="M",0,IF(F4="I",2,IF(F4="B",4,IF(F4="E",5)))) -> 4 | H4: B | I4: =IF(H4="M",0,IF(H4="I",2,IF(H4="B",4,IF(H4="E",5)))) -> 4 | J4: B | K4: =IF(J4="M",0,IF(J4="I",2,IF(J4="B",4,IF(J4="E",5)))) -> 4 | L4: B | M4: =IF(L4="M",0,IF(L4="I",2,IF(L4="B",4,IF(L4="E",5)))) -> 4 | N4: B | O4: =IF(N4="M",0,IF(N4="I",2,IF(N4="B",4,IF(N4="E",5)))) -> 4 | P4: B | Q4: =IF(P4="M",0,IF(P4="I",2,IF(P4="B",4,IF(P4="E",5)))) -> 4 | R4: B | S4: =IF(R4="M",0,IF(R4="I",2,IF(R4="B",4,IF(R4="E",5)))) -> 4 | T4: B | U4: =IF(T4="M",0,IF(T4="I",2,IF(T4="B",4,IF(T4="E",5)))) -> 4 | V4: I | W4: =IF(V4="M",0,IF(V4="I",2,IF(V4="B",4,IF(V4="E",5)))) -> 2 | X4: B | Y4: =IF(X4="M",0,IF(X4="I",2,IF(X4="B",4,IF(X4="E",5)))) -> 4 | Z4: B | AA4: =IF(Z4="M",0,IF(Z4="I",2,IF(Z4="B",4,IF(Z4="E",5)))) -> 4 | AB4: I | AC4: =IF(AB4="M",0,IF(AB4="I",2,IF(AB4="B",4,IF(AB4="E",5)))) -> 2 | AD4: I | AE4: =IF(AD4="M",0,IF(AD4="I",2,IF(AD4="B",4,IF(AD4="E",5)))) -> 2 | AF4: B | AG4: =IF(AF4="M",0,IF(AF4="I",2,IF(AF4="B",4,IF(AF4="E",5)))) -> 4 | AH4: B | AI4: =IF(AH4="M",0,IF(AH4="I",2,IF(AH4="B",4,IF(AH4="E",5)))) -> 4 | AJ4: B | AK4: =IF(AJ4="M",0,IF(AJ4="I",2,IF(AJ4="B",4,IF(AJ4="E",5)))) -> 4 | AL4: B | AM4: =IF(AL4="M",0,IF(AL4="I",2,IF(AL4="B",4,IF(AL4="E",5)))) -> 4 | AN4: B | AO4: =IF(AN4="M",0,IF(AN4="I",2,IF(AN4="B",4,IF(AN4="E",5)))) -> 4 | AP4: B | AQ4: =IF(AP4="M",0,IF(AP4="I",2,IF(AP4="B",4,IF(AP4="E",5)))) -> 4 | AR4: B | AS4: =IF(AR4="M",0,IF(AR4="I",2,IF(AR4="B",4,IF(AR4="E",5)))) -> 4 | AT4: B | AU4: =IF(AT4="M",0,IF(AT4="I",2,IF(AT4="B",4,IF(AT4="E",5)))) -> 4 | AV4: B | AW4: =IF(AV4="M",0,IF(AV4="I",2,IF(AV4="B",4,IF(AV4="E",5)))) -> 4 | AX4: B | AY4: =IF(AX4="M",0,IF(AX4="I",2,IF(AX4="B",4,IF(AX4="E",5)))) -> 4 | AZ4: B | BA4: =IF(AZ4="M",0,IF(AZ4="I",2,IF(AZ4="B",4,IF(AZ4="E",5)))) -> 4 | BB4: I | BC4: =IF(BB4="M",0,IF(BB4="I",2,IF(BB4="B",4,IF(BB4="E",5)))) -> 2 | BD4: B | BE4: =IF(BD4="M",0,IF(BD4="I",2,IF(BD4="B",4,IF(BD4="E",5)))) -> 4 | BF4: B | BG4: =IF(BF4="M",0,IF(BF4="I",2,IF(BF4="B",4,IF(BF4="E",5)))) -> 4 | BH4: B | BI4: =IF(BH4="M",0,IF(BH4="I",2,IF(BH4="B",4,IF(BH4="E",5)))) -> 4 | BJ4: I | BK4: =IF(BJ4="M",0,IF(BJ4="I",2,IF(BJ4="B",4,IF(BJ4="E",5)))) -> 2 | BL4: B | BM4: =IF(BL4="M",0,IF(BL4="I",2,IF(BL4="B",4,IF(BL4="E",5)))) -> 4 | BN4: I | BO4: =IF(BN4="M",0,IF(BN4="I",2,IF(BN4="B",4,IF(BN4="E",5)))) -> 2 | BP4: I | BQ4: =IF(BP4="M",0,IF(BP4="I",2,IF(BP4="B",4,IF(BP4="E",5)))) -> 2 | BR4: B | BS4: =IF(BR4="M",0,IF(BR4="I",2,IF(BR4="B",4,IF(BR4="E",5)))) -> 4 | BT4: B | BU4: =IF(BT4="M",0,IF(BT4="I",2,IF(BT4="B",4,IF(BT4="E",5)))) -> 4 | BV4: B | BW4: =IF(BV4="M",0,IF(BV4="I",2,IF(BV4="B",4,IF(BV4="E",5)))) -> 4 | BX4: B | BY4: =IF(BX4="M",0,IF(BX4="I",2,IF(BX4="B",4,IF(BX4="E",5)))) -> 4 | BZ4: B | CA4: =IF(BZ4="M",0,IF(BZ4="I",2,IF(BZ4="B",4,IF(BZ4="E",5)))) -> 4 | CB4: B | CC4: =IF(CB4="M",0,IF(CB4="I",2,IF(CB4="B",4,IF(CB4="E",5)))) -> 4 | CD4: B | CE4: =IF(CD4="M",0,IF(CD4="I",2,IF(CD4="B",4,IF(CD4="E",5)))) -> 4 | CF4: B | CG4: =IF(CF4="M",0,IF(CF4="I",2,IF(CF4="B",4,IF(CF4="E",5)))) -> 4 | CH4: B | CI4: =IF(CH4="M",0,IF(CH4="I",2,IF(CH4="B",4,IF(CH4="E",5)))) -> 4 | CJ4: B | CK4: =IF(CJ4="M",0,IF(CJ4="I",2,IF(CJ4="B",4,IF(CJ4="E",5)))) -> 4 | CL4: B | CM4: =IF(CL4="M",0,IF(CL4="I",2,IF(CL4="B",4,IF(CL4="E",5)))) -> 4 | CN4: I | CO4: =IF(CN4="M",0,IF(CN4="I",2,IF(CN4="B",4,IF(CN4="E",5)))) -> 2 | CP4: I | CQ4: =IF(CP4="M",0,IF(CP4="I",2,IF(CP4="B",4,IF(CP4="E",5)))) -> 2 | CR4: I | CS4: =IF(CR4="M",0,IF(CR4="I",2,IF(CR4="B",4,IF(CR4="E",5)))) -> 2 | CT4: B | CU4: =IF(CT4="M",0,IF(CT4="I",2,IF(CT4="B",4,IF(CT4="E",5)))) -> 4 | CV4: B | CW4: =IF(CV4="M",0,IF(CV4="I",2,IF(CV4="B",4,IF(CV4="E",5)))) -> 4 | CX4: B | CY4: =IF(CX4="M",0,IF(CX4="I",2,IF(CX4="B",4,IF(CX4="E",5)))) -> 4 | CZ4: B | DA4: =IF(CZ4="M",0,IF(CZ4="I",2,IF(CZ4="B",4,IF(CZ4="E",5)))) -> 4 | DB4: B | DC4: =IF(DB4="M",0,IF(DB4="I",2,IF(DB4="B",4,IF(DB4="E",5)))) -> 4 | DD4: B | DE4: =IF(DD4="M",0,IF(DD4="I",2,IF(DD4="B",4,IF(DD4="E",5)))) -> 4 | DF4: B | DG4: =IF(DF4="M",0,IF(DF4="I",2,IF(DF4="B",4,IF(DF4="E",5)))) -> 4 | DH4: B | DI4: =IF(DH4="M",0,IF(DH4="I",2,IF(DH4="B",4,IF(DH4="E",5)))) -> 4 | DJ4: B | DK4: =IF(DJ4="M",0,IF(DJ4="I",2,IF(DJ4="B",4,IF(DJ4="E",5)))) -> 4 | DL4: B | DM4: =IF(DL4="M",0,IF(DL4="I",2,IF(DL4="B",4,IF(DL4="E",5)))) -> 4 | DN4: B | DO4: =IF(DN4="M",0,IF(DN4="I",2,IF(DN4="B",4,IF(DN4="E",5)))) -> 4 | DP4: M | DQ4: =IF(DP4="M",0,IF(DP4="I",2,IF(DP4="B",4,IF(DP4="E",5)))) -> 0 | DR4: B | DS4: =IF(DR4="M",0,IF(DR4="I",2,IF(DR4="B",4,IF(DR4="E",5)))) -> 4 | DT4: B | DU4: =IF(DT4="M",0,IF(DT4="I",2,IF(DT4="B",4,IF(DT4="E",5)))) -> 4 | DV4: B | DW4: =IF(DV4="M",0,IF(DV4="I",2,IF(DV4="B",4,IF(DV4="E",5)))) -> 4 | DX4: B | DY4: =IF(DX4="M",0,IF(DX4="I",2,IF(DX4="B",4,IF(DX4="E",5)))) -> 4 | DZ4: B | EA4: =IF(DZ4="M",0,IF(DZ4="I",2,IF(DZ4="B",4,IF(DZ4="E",5)))) -> 4 | EB4: B | EC4: =IF(EB4="M",0,IF(EB4="I",2,IF(EB4="B",4,IF(EB4="E",5)))) -> 4 | ED4: B | EE4: =IF(ED4="M",0,IF(ED4="I",2,IF(ED4="B",4,IF(ED4="E",5)))) -> 4
A5: MBAGNE | B5: PS Ndiawaldy mango | C5: Bâ hamet abdarahmane | D5: 43334 | E5: Dia mohamed | F5: B | G5: =IF(F5="M",0,IF(F5="I",2,IF(F5="B",4,IF(F5="E",5)))) -> 4 | H5: B | I5: =IF(H5="M",0,IF(H5="I",2,IF(H5="B",4,IF(H5="E",5)))) -> 4 | J5: B | K5: =IF(J5="M",0,IF(J5="I",2,IF(J5="B",4,IF(J5="E",5)))) -> 4 | L5: B | M5: =IF(L5="M",0,IF(L5="I",2,IF(L5="B",4,IF(L5="E",5)))) -> 4 | N5: B | O5: =IF(N5="M",0,IF(N5="I",2,IF(N5="B",4,IF(N5="E",5)))) -> 4 | P5: M | Q5: =IF(P5="M",0,IF(P5="I",2,IF(P5="B",4,IF(P5="E",5)))) -> 0 | R5: B | S5: =IF(R5="M",0,IF(R5="I",2,IF(R5="B",4,IF(R5="E",5)))) -> 4 | T5: B | U5: =IF(T5="M",0,IF(T5="I",2,IF(T5="B",4,IF(T5="E",5)))) -> 4 | V5: B | W5: =IF(V5="M",0,IF(V5="I",2,IF(V5="B",4,IF(V5="E",5)))) -> 4 | X5: B | Y5: =IF(X5="M",0,IF(X5="I",2,IF(X5="B",4,IF(X5="E",5)))) -> 4 | Z5: B | AA5: =IF(Z5="M",0,IF(Z5="I",2,IF(Z5="B",4,IF(Z5="E",5)))) -> 4 | AB5: I | AC5: =IF(AB5="M",0,IF(AB5="I",2,IF(AB5="B",4,IF(AB5="E",5)))) -> 2 | AD5: I | AE5: =IF(AD5="M",0,IF(AD5="I",2,IF(AD5="B",4,IF(AD5="E",5)))) -> 2 | AF5: I | AG5: =IF(AF5="M",0,IF(AF5="I",2,IF(AF5="B",4,IF(AF5="E",5)))) -> 2 | AH5: B | AI5: =IF(AH5="M",0,IF(AH5="I",2,IF(AH5="B",4,IF(AH5="E",5)))) -> 4 | AJ5: B | AK5: =IF(AJ5="M",0,IF(AJ5="I",2,IF(AJ5="B",4,IF(AJ5="E",5)))) -> 4 | AL5: M | AM5: =IF(AL5="M",0,IF(AL5="I",2,IF(AL5="B",4,IF(AL5="E",5)))) -> 0 | AN5: B | AO5: =IF(AN5="M",0,IF(AN5="I",2,IF(AN5="B",4,IF(AN5="E",5)))) -> 4 | AP5: B | AQ5: =IF(AP5="M",0,IF(AP5="I",2,IF(AP5="B",4,IF(AP5="E",5)))) -> 4 | AR5: B | AS5: =IF(AR5="M",0,IF(AR5="I",2,IF(AR5="B",4,IF(AR5="E",5)))) -> 4 | AT5: B | AU5: =IF(AT5="M",0,IF(AT5="I",2,IF(AT5="B",4,IF(AT5="E",5)))) -> 4 | AV5: I | AW5: =IF(AV5="M",0,IF(AV5="I",2,IF(AV5="B",4,IF(AV5="E",5)))) -> 2 | AX5: B | AY5: =IF(AX5="M",0,IF(AX5="I",2,IF(AX5="B",4,IF(AX5="E",5)))) -> 4 | AZ5: B | BA5: =IF(AZ5="M",0,IF(AZ5="I",2,IF(AZ5="B",4,IF(AZ5="E",5)))) -> 4 | BB5: B | BC5: =IF(BB5="M",0,IF(BB5="I",2,IF(BB5="B",4,IF(BB5="E",5)))) -> 4 | BD5: B | BE5: =IF(BD5="M",0,IF(BD5="I",2,IF(BD5="B",4,IF(BD5="E",5)))) -> 4 | BF5: B | BG5: =IF(BF5="M",0,IF(BF5="I",2,IF(BF5="B",4,IF(BF5="E",5)))) -> 4 | BH5: B | BI5: =IF(BH5="M",0,IF(BH5="I",2,IF(BH5="B",4,IF(BH5="E",5)))) -> 4 | BJ5: B | BK5: =IF(BJ5="M",0,IF(BJ5="I",2,IF(BJ5="B",4,IF(BJ5="E",5)))) -> 4 | BL5: B | BM5: =IF(BL5="M",0,IF(BL5="I",2,IF(BL5="B",4,IF(BL5="E",5)))) -> 4 | BN5: B | BO5: =IF(BN5="M",0,IF(BN5="I",2,IF(BN5="B",4,IF(BN5="E",5)))) -> 4 | BP5: B | BQ5: =IF(BP5="M",0,IF(BP5="I",2,IF(BP5="B",4,IF(BP5="E",5)))) -> 4 | BR5: B | BS5: =IF(BR5="M",0,IF(BR5="I",2,IF(BR5="B",4,IF(BR5="E",5)))) -> 4 | BT5: B | BU5: =IF(BT5="M",0,IF(BT5="I",2,IF(BT5="B",4,IF(BT5="E",5)))) -> 4 | BV5: B | BW5: =IF(BV5="M",0,IF(BV5="I",2,IF(BV5="B",4,IF(BV5="E",5)))) -> 4 | BX5: B | BY5: =IF(BX5="M",0,IF(BX5="I",2,IF(BX5="B",4,IF(BX5="E",5)))) -> 4 | BZ5: B | CA5: =IF(BZ5="M",0,IF(BZ5="I",2,IF(BZ5="B",4,IF(BZ5="E",5)))) -> 4 | CB5: B | CC5: =IF(CB5="M",0,IF(CB5="I",2,IF(CB5="B",4,IF(CB5="E",5)))) -> 4 | CD5: B | CE5: =IF(CD5="M",0,IF(CD5="I",2,IF(CD5="B",4,IF(CD5="E",5)))) -> 4 | CF5: I | CG5: =IF(CF5="M",0,IF(CF5="I",2,IF(CF5="B",4,IF(CF5="E",5)))) -> 2 | CH5: B | CI5: =IF(CH5="M",0,IF(CH5="I",2,IF(CH5="B",4,IF(CH5="E",5)))) -> 4 | CJ5: M | CK5: =IF(CJ5="M",0,IF(CJ5="I",2,IF(CJ5="B",4,IF(CJ5="E",5)))) -> 0 | CL5: B | CM5: =IF(CL5="M",0,IF(CL5="I",2,IF(CL5="B",4,IF(CL5="E",5)))) -> 4 | CN5: B | CO5: =IF(CN5="M",0,IF(CN5="I",2,IF(CN5="B",4,IF(CN5="E",5)))) -> 4 | CP5: B | CQ5: =IF(CP5="M",0,IF(CP5="I",2,IF(CP5="B",4,IF(CP5="E",5)))) -> 4 | CR5: B | CS5: =IF(CR5="M",0,IF(CR5="I",2,IF(CR5="B",4,IF(CR5="E",5)))) -> 4 | CT5: B | CU5: =IF(CT5="M",0,IF(CT5="I",2,IF(CT5="B",4,IF(CT5="E",5)))) -> 4 | CV5: B | CW5: =IF(CV5="M",0,IF(CV5="I",2,IF(CV5="B",4,IF(CV5="E",5)))) -> 4 | CX5: B | CY5: =IF(CX5="M",0,IF(CX5="I",2,IF(CX5="B",4,IF(CX5="E",5)))) -> 4 | CZ5: B | DA5: =IF(CZ5="M",0,IF(CZ5="I",2,IF(CZ5="B",4,IF(CZ5="E",5)))) -> 4 | DB5: B | DC5: =IF(DB5="M",0,IF(DB5="I",2,IF(DB5="B",4,IF(DB5="E",5)))) -> 4 | DD5: B | DE5: =IF(DD5="M",0,IF(DD5="I",2,IF(DD5="B",4,IF(DD5="E",5)))) -> 4 | DF5: B | DG5: =IF(DF5="M",0,IF(DF5="I",2,IF(DF5="B",4,IF(DF5="E",5)))) -> 4 | DH5: B | DI5: =IF(DH5="M",0,IF(DH5="I",2,IF(DH5="B",4,IF(DH5="E",5)))) -> 4 | DJ5: B | DK5: =IF(DJ5="M",0,IF(DJ5="I",2,IF(DJ5="B",4,IF(DJ5="E",5)))) -> 4 | DL5: I | DM5: =IF(DL5="M",0,IF(DL5="I",2,IF(DL5="B",4,IF(DL5="E",5)))) -> 2 | DN5: I | DO5: =IF(DN5="M",0,IF(DN5="I",2,IF(DN5="B",4,IF(DN5="E",5)))) -> 2 | DP5: I | DQ5: =IF(DP5="M",0,IF(DP5="I",2,IF(DP5="B",4,IF(DP5="E",5)))) -> 2 | DR5: I | DS5: =IF(DR5="M",0,IF(DR5="I",2,IF(DR5="B",4,IF(DR5="E",5)))) -> 2 | DT5: B | DU5: =IF(DT5="M",0,IF(DT5="I",2,IF(DT5="B",4,IF(DT5="E",5)))) -> 4 | DV5: B | DW5: =IF(DV5="M",0,IF(DV5="I",2,IF(DV5="B",4,IF(DV5="E",5)))) -> 4 | DX5: B | DY5: =IF(DX5="M",0,IF(DX5="I",2,IF(DX5="B",4,IF(DX5="E",5)))) -> 4 | DZ5: B | EA5: =IF(DZ5="M",0,IF(DZ5="I",2,IF(DZ5="B",4,IF(DZ5="E",5)))) -> 4 | EB5: B | EC5: =IF(EB5="M",0,IF(EB5="I",2,IF(EB5="B",4,IF(EB5="E",5)))) -> 4 | ED5: B | EE5: =IF(ED5="M",0,IF(ED5="I",2,IF(ED5="B",4,IF(ED5="E",5)))) -> 4
A6: MBAGNE | B6: PS Mbahé | C6: Bâ hamet abdrahmane | D6: 43303 | E6: Dia mohamed | F6: B | G6: =IF(F6="M",0,IF(F6="I",2,IF(F6="B",4,IF(F6="E",5)))) -> 4 | H6: B | I6: =IF(H6="M",0,IF(H6="I",2,IF(H6="B",4,IF(H6="E",5)))) -> 4 | J6: B | K6: =IF(J6="M",0,IF(J6="I",2,IF(J6="B",4,IF(J6="E",5)))) -> 4 | L6: B | M6: =IF(L6="M",0,IF(L6="I",2,IF(L6="B",4,IF(L6="E",5)))) -> 4 | N6: B | O6: =IF(N6="M",0,IF(N6="I",2,IF(N6="B",4,IF(N6="E",5)))) -> 4 | P6: I | Q6: =IF(P6="M",0,IF(P6="I",2,IF(P6="B",4,IF(P6="E",5)))) -> 2 | R6: B | S6: =IF(R6="M",0,IF(R6="I",2,IF(R6="B",4,IF(R6="E",5)))) -> 4 | T6: B | U6: =IF(T6="M",0,IF(T6="I",2,IF(T6="B",4,IF(T6="E",5)))) -> 4 | V6: B | W6: =IF(V6="M",0,IF(V6="I",2,IF(V6="B",4,IF(V6="E",5)))) -> 4 | X6: B | Y6: =IF(X6="M",0,IF(X6="I",2,IF(X6="B",4,IF(X6="E",5)))) -> 4 | Z6: B | AA6: =IF(Z6="M",0,IF(Z6="I",2,IF(Z6="B",4,IF(Z6="E",5)))) -> 4 | AB6: I | AC6: =IF(AB6="M",0,IF(AB6="I",2,IF(AB6="B",4,IF(AB6="E",5)))) -> 2 | AD6: B | AE6: =IF(AD6="M",0,IF(AD6="I",2,IF(AD6="B",4,IF(AD6="E",5)))) -> 4 | AF6: I | AG6: =IF(AF6="M",0,IF(AF6="I",2,IF(AF6="B",4,IF(AF6="E",5)))) -> 2 | AH6: B | AI6: =IF(AH6="M",0,IF(AH6="I",2,IF(AH6="B",4,IF(AH6="E",5)))) -> 4 | AJ6: B | AK6: =IF(AJ6="M",0,IF(AJ6="I",2,IF(AJ6="B",4,IF(AJ6="E",5)))) -> 4 | AL6: M | AM6: =IF(AL6="M",0,IF(AL6="I",2,IF(AL6="B",4,IF(AL6="E",5)))) -> 0 | AN6: B | AO6: =IF(AN6="M",0,IF(AN6="I",2,IF(AN6="B",4,IF(AN6="E",5)))) -> 4 | AP6: B | AQ6: =IF(AP6="M",0,IF(AP6="I",2,IF(AP6="B",4,IF(AP6="E",5)))) -> 4 | AR6: B | AS6: =IF(AR6="M",0,IF(AR6="I",2,IF(AR6="B",4,IF(AR6="E",5)))) -> 4 | AT6: B | AU6: =IF(AT6="M",0,IF(AT6="I",2,IF(AT6="B",4,IF(AT6="E",5)))) -> 4 | AV6: I | AW6: =IF(AV6="M",0,IF(AV6="I",2,IF(AV6="B",4,IF(AV6="E",5)))) -> 2 | AX6: B | AY6: =IF(AX6="M",0,IF(AX6="I",2,IF(AX6="B",4,IF(AX6="E",5)))) -> 4 | AZ6: B | BA6: =IF(AZ6="M",0,IF(AZ6="I",2,IF(AZ6="B",4,IF(AZ6="E",5)))) -> 4 | BB6: B | BC6: =IF(BB6="M",0,IF(BB6="I",2,IF(BB6="B",4,IF(BB6="E",5)))) -> 4 | BD6: B | BE6: =IF(BD6="M",0,IF(BD6="I",2,IF(BD6="B",4,IF(BD6="E",5)))) -> 4 | BF6: B | BG6: =IF(BF6="M",0,IF(BF6="I",2,IF(BF6="B",4,IF(BF6="E",5)))) -> 4 | BH6: B | BI6: =IF(BH6="M",0,IF(BH6="I",2,IF(BH6="B",4,IF(BH6="E",5)))) -> 4 | BJ6: B | BK6: =IF(BJ6="M",0,IF(BJ6="I",2,IF(BJ6="B",4,IF(BJ6="E",5)))) -> 4 | BL6: B | BM6: =IF(BL6="M",0,IF(BL6="I",2,IF(BL6="B",4,IF(BL6="E",5)))) -> 4 | BN6: B | BO6: =IF(BN6="M",0,IF(BN6="I",2,IF(BN6="B",4,IF(BN6="E",5)))) -> 4 | BP6: B | BQ6: =IF(BP6="M",0,IF(BP6="I",2,IF(BP6="B",4,IF(BP6="E",5)))) -> 4 | BR6: B | BS6: =IF(BR6="M",0,IF(BR6="I",2,IF(BR6="B",4,IF(BR6="E",5)))) -> 4 | BT6: B | BU6: =IF(BT6="M",0,IF(BT6="I",2,IF(BT6="B",4,IF(BT6="E",5)))) -> 4 | BV6: B | BW6: =IF(BV6="M",0,IF(BV6="I",2,IF(BV6="B",4,IF(BV6="E",5)))) -> 4 | BX6: B | BY6: =IF(BX6="M",0,IF(BX6="I",2,IF(BX6="B",4,IF(BX6="E",5)))) -> 4 | BZ6: B | CA6: =IF(BZ6="M",0,IF(BZ6="I",2,IF(BZ6="B",4,IF(BZ6="E",5)))) -> 4 | CB6: B | CC6: =IF(CB6="M",0,IF(CB6="I",2,IF(CB6="B",4,IF(CB6="E",5)))) -> 4 | CD6: B | CE6: =IF(CD6="M",0,IF(CD6="I",2,IF(CD6="B",4,IF(CD6="E",5)))) -> 4 | CF6: B | CG6: =IF(CF6="M",0,IF(CF6="I",2,IF(CF6="B",4,IF(CF6="E",5)))) -> 4 | CH6: B | CI6: =IF(CH6="M",0,IF(CH6="I",2,IF(CH6="B",4,IF(CH6="E",5)))) -> 4 | CJ6: M | CK6: =IF(CJ6="M",0,IF(CJ6="I",2,IF(CJ6="B",4,IF(CJ6="E",5)))) -> 0 | CL6: B | CM6: =IF(CL6="M",0,IF(CL6="I",2,IF(CL6="B",4,IF(CL6="E",5)))) -> 4 | CN6: B | CO6: =IF(CN6="M",0,IF(CN6="I",2,IF(CN6="B",4,IF(CN6="E",5)))) -> 4 | CP6: B | CQ6: =IF(CP6="M",0,IF(CP6="I",2,IF(CP6="B",4,IF(CP6="E",5)))) -> 4 | CR6: B | CS6: =IF(CR6="M",0,IF(CR6="I",2,IF(CR6="B",4,IF(CR6="E",5)))) -> 4 | CT6: B | CU6: =IF(CT6="M",0,IF(CT6="I",2,IF(CT6="B",4,IF(CT6="E",5)))) -> 4 | CV6: B | CW6: =IF(CV6="M",0,IF(CV6="I",2,IF(CV6="B",4,IF(CV6="E",5)))) -> 4 | CX6: B | CY6: =IF(CX6="M",0,IF(CX6="I",2,IF(CX6="B",4,IF(CX6="E",5)))) -> 4 | CZ6: B | DA6: =IF(CZ6="M",0,IF(CZ6="I",2,IF(CZ6="B",4,IF(CZ6="E",5)))) -> 4 | DB6: B | DC6: =IF(DB6="M",0,IF(DB6="I",2,IF(DB6="B",4,IF(DB6="E",5)))) -> 4 | DD6: B | DE6: =IF(DD6="M",0,IF(DD6="I",2,IF(DD6="B",4,IF(DD6="E",5)))) -> 4 | DF6: B | DG6: =IF(DF6="M",0,IF(DF6="I",2,IF(DF6="B",4,IF(DF6="E",5)))) -> 4 | DH6: I | DI6: =IF(DH6="M",0,IF(DH6="I",2,IF(DH6="B",4,IF(DH6="E",5)))) -> 2 | DJ6: B | DK6: =IF(DJ6="M",0,IF(DJ6="I",2,IF(DJ6="B",4,IF(DJ6="E",5)))) -> 4 | DL6: I | DM6: =IF(DL6="M",0,IF(DL6="I",2,IF(DL6="B",4,IF(DL6="E",5)))) -> 2 | DN6: I | DO6: =IF(DN6="M",0,IF(DN6="I",2,IF(DN6="B",4,IF(DN6="E",5)))) -> 2 | DP6: I | DQ6: =IF(DP6="M",0,IF(DP6="I",2,IF(DP6="B",4,IF(DP6="E",5)))) -> 2 | DR6: B | DS6: =IF(DR6="M",0,IF(DR6="I",2,IF(DR6="B",4,IF(DR6="E",5)))) -> 4 | DT6: B | DU6: =IF(DT6="M",0,IF(DT6="I",2,IF(DT6="B",4,IF(DT6="E",5)))) -> 4 | DV6: B | DW6: =IF(DV6="M",0,IF(DV6="I",2,IF(DV6="B",4,IF(DV6="E",5)))) -> 4 | DX6: B | DY6: =IF(DX6="M",0,IF(DX6="I",2,IF(DX6="B",4,IF(DX6="E",5)))) -> 4 | DZ6: B | EA6: =IF(DZ6="M",0,IF(DZ6="I",2,IF(DZ6="B",4,IF(DZ6="E",5)))) -> 4 | EB6: M | EC6: =IF(EB6="M",0,IF(EB6="I",2,IF(EB6="B",4,IF(EB6="E",5)))) -> 0 | ED6: B | EE6: =IF(ED6="M",0,IF(ED6="I",2,IF(ED6="B",4,IF(ED6="E",5)))) -> 4

Sheet Feuil2
C1: 43252 | Q1: 43282
A2: Moughataa | B2: CS/PS | C2: Outils - Matériels - Équipement-traitement | D2: Structure et organisation de l'espace | E2: Personnel | F2: Dépistage passif | G2: Accueil et flux des patients | H2: Admissions | I2: Test d'appétit | J2: Prise en charge-Suivi | K2: Séance d'éducation: ANJE, PFE | L2: Décharges | M2: Rapports mensuels | N2: Stock/pharmacie | O2: Wash in Nut | P2: Activités communautaires | Q2: Outils - Matériels - Équipement-traitement | R2: Structure et organisation de l'espace | S2: Personnel | T2: Dépistage passif | U2: Accueil et flux des patients | V2: Admissions | W2: Test d'appétit | X2: Prise en charge-Suivi | Y2: Séance d'éducation: ANJE, PFE | Z2: Décharges | AA2: Rapports mensuels | AB2: Stock/pharmacie | AC2: Wash in Nut | AD2: Activités communautaires
A3: ALEG | B3: CS Aleg | C3: =SUM(Feuil1!F4:U4) -> 32 | D3: =SUM(Feuil1!V4:W4) -> 2 | E3: =SUM(Feuil1!X4:AE4) -> 12 | F3: =SUM(Feuil1!AF4:AG4) -> 4 | G3: =SUM(Feuil1!AH4:AO4) -> 16 | H3: =SUM(Feuil1!AP4:BC4) -> 26 | I3: =SUM(Feuil1!BD4:BO4) -> 20 | J3: =SUM(Feuil1!BP4:CM4) -> 46 | K3: =SUM(Feuil1!CN4:CS4) -> 6 | L3: =SUM(Feuil1!CT4:DA4) -> 16 | M3: =SUM(Feuil1!DB4:DG4) -> 12 | N3: =SUM(Feuil1!DH4:DQ4) -> 16 | O3: =SUM(Feuil1!DR4:EE4) -> 28
A4: MBAGNE | B4: PS Ndiawaldy mango | C4: =SUM(Feuil1!F5:U5) -> 28 | D4: =SUM(Feuil1!V5:W5) -> 4 | E4: =SUM(Feuil1!X5:AE5) -> 12 | F4: =SUM(Feuil1!AF5:AG5) -> 2 | G4: =SUM(Feuil1!AH5:AO5) -> 12 | H4: =SUM(Feuil1!AP5:BC5) -> 26 | I4: =SUM(Feuil1!BD5:BO5) -> 24 | J4: =SUM(Feuil1!BP5:CM5) -> 42 | K4: =SUM(Feuil1!CN5:CS5) -> 12 | L4: =SUM(Feuil1!CT5:DA5) -> 16 | M4: =SUM(Feuil1!DB5:DG5) -> 12 | N4: =SUM(Feuil1!DH5:DQ5) -> 14 | O4: =SUM(Feuil1!DR5:EE5) -> 26
A5: MBAGNE | B5: PS Mbahé | C5: =SUM(Feuil1!F6:U6) -> 30 | D5: =SUM(Feuil1!V6:W6) -> 4 | E5: =SUM(Feuil1!X6:AE6) -> 14 | F5: =SUM(Feuil1!AF6:AG6) -> 2 | G5: =SUM(Feuil1!AH6:AO6) -> 12 | H5: =SUM(Feuil1!AP6:BC6) -> 26 | I5: =SUM(Feuil1!BD6:BO6) -> 24 | J5: =SUM(Feuil1!BP6:CM6) -> 44 | K5: =SUM(Feuil1!CN6:CS6) -> 12 | L5: =SUM(Feuil1!CT6:DA6) -> 16 | M5: =SUM(Feuil1!DB6:DG6) -> 12 | N5: =SUM(Feuil1!DH6:DQ6) -> 12 | O5: =SUM(Feuil1!DR6:EE6) -> 24
B9: je voudrais ici afficher les sous-totaux de chaque items en jaune :
B10: par exemple pour la cellule C3 le resultat est la somme de la plage sur la feuil1 F4:U4 =32
